 Dungeon Crawl Stone Soup version 0.29-a0-286-g41199d4a87 (webtiles) character file.

Game seed: 1233105526841055334

2389 Dabor the Skirmisher (level 9, -6/57 HPs)
             Began as a Gargoyle Fighter on Mar 15, 2022.
             Killed by divine providence
             ... invoked by an orc priest
              (12 damage)
             ... on level 6 of the Dungeon.
             The game lasted 00:12:26 (9555 turns).

Dabor the Skirmisher (Gargoyle Fighter)             Turns: 9555, Time: 00:12:26

Health: -6/57      AC: 15    Str: 24    XL:     9   Next: 46%
Magic:  9/9        EV: 11    Int:  9    God:
Gold:   294        SH:  4    Dex:  9    Spells: 8/8 levels left

rFire   . . .      SeeInvis .   h - +3 flail
rCold   . . .      Faith    .   c - +0 buckler
rNeg    + . .      Spirit   .   b - +0 scale mail
rPois   ∞          Reflect  .   (no helmet)
rElec   +          Harm     .   (no cloak)
rCorr   .          Rampage  .   e - +0 pair of gloves
Will    .....                   (no boots)
Stlth   ..........              (no amulet)
HPRegen 0.19/turn               (no ring)
MPRegen 0.11/turn               (no ring)

@: no status effects
A: sickness immunity, AC +6, negative energy resistance 1, electricity
resistance, torment resistance 1, petrification resistance
a: no special abilities


You were on level 6 of the Dungeon.
You visited 1 branch of the dungeon, and saw 6 of its levels.

You collected 294 gold pieces.

Inventory:

Hand Weapons
 a - a +0 flail
 h - a +3 flail (weapon)
Armour
 b - a +0 scale mail (worn)
 c - a +0 buckler (worn)
 e - a +0 pair of gloves (worn)
Jewellery
 j - an amulet of faith
Wands
 g - a wand of polymorph (8)
 y - a wand of iceblast (8)
Scrolls
 f - 2 scrolls of amnesia {unknown}
 i - 2 scrolls of holy word
 k - 2 scrolls of magic mapping
 l - a scroll of vulnerability
 m - 2 scrolls of noise
 n - 3 scrolls of identify
 u - a scroll of blinking {unknown}
 z - a scroll of acquirement {unknown}
Potions
 d - a potion of might
 o - 2 potions of degeneration
 p - a potion of brilliance {unknown}
 s - a potion of lignification
 t - a potion of invisibility {unknown}
 v - 2 potions of mutation {unknown}
 w - a potion of magic {unknown}
 x - a potion of experience {unknown}


   Skills:
 + Level 7.6 Fighting
 + Level 6.5 Maces & Flails
 + Level 7.5 Armour
 + Level 4.7 Dodging
 - Level 3.8 Shields


You had 8 spell levels left.
You didn't know any spells.
Your spell library contained the following spells:

 Spells                   Type           Power      Damage    Failure   Level
 Magic Dart               Conj           0%         1d3       75%         1
 Pain                     Necr           0%         1d4       75%         1
 Summon Small Mammal      Summ           0%         N/A       75%         1
 Corpse Rot               Necr/Air       0%         N/A       87%         2
 Poisonous Vapours        Pois/Air       0%         N/A       87%         2
 Searing Ray              Conj           0%         2d4       87%         2
 Call Canine Familiar     Summ           0%         N/A       98%         3
 Gell's Gravitas          Tloc           0%         N/A       98%         3
 Lesser Beckoning         Tloc           0%         N/A       98%         3
 Summon Guardian Golem    Hex/Summ       0%         N/A       98%         3
 Teleport Other           Tloc           0%         N/A       98%         3
 Tukima's Dance           Hex            0%         N/A       98%         3
 Anguish                  Hex/Necr       0%         N/A       100%        4
 Fulminant Prism          Conj/Hex       0%         3d6       100%        4
 Agony                    Necr           0%         N/A       100%        5
 Excruciating Wounds      Necr           0%         N/A       100%        5
 Enfeeble                 Hex            0%         N/A       100%        7


Dungeon Overview and Level Annotations

Branches:
Dungeon (6/15)             Temple (0/1) D:5

Altars:
Vehumet


Innate Abilities, Weirdness & Mutations

You are immune to sickness and miasma.
Your stone body is resilient. (AC +6)
You are immune to poison.
You resist negative energy. (rN+)
You are resistant to electric shocks. (rElec)
You are resistant to unholy torment.
You are immune to petrification.


Message History

You are too injured to fight recklessly!
You are too injured to fight recklessly!
You are too injured to fight recklessly!
Something hits you but does no damage.
The orc priest unwields a +0 mace.
The orc priest wields a +0 hunting sling.
The orc priest shoots a sling bullet.
You block the sling bullet. You block the orc warrior's attack.
Things that are here:
a +0 shortbow; 2 boomerangs You hit the orc warrior but do no damage.
The orc warrior is severely wounded.
The orc hits you but does no damage.
The orc warrior hits you but does no damage.
You closely miss the orc warrior.
The orc warrior is severely wounded.
The orc hits you with a +0 whip.
The orc warrior hits you but does no damage.
You closely miss the orc warrior.
The orc warrior is severely wounded.
The orc hits you but does no damage.
The orc warrior hits you but does no damage.
You closely miss the orc warrior.
The orc warrior is severely wounded.
The orc hits you but does no damage.
The orc warrior hits you with a +0 dire flail.
You closely miss the orc warrior.
The orc warrior is severely wounded.
The orc barely misses you.
The orc warrior zaps a wand.
You easily resist.
You barely miss the orc warrior.
The orc warrior is severely wounded.
The orc closely misses you. You block the orc warrior's attack.
You closely miss the orc warrior.
The orc warrior is severely wounded.
The orc priest mumbles some strange prayers to Beogh against you.
Beogh smites you!
* * * LOW HITPOINT WARNING * * *
The orc barely misses you. The orc warrior barely misses you.
The orc priest calls down the wrath of Beogh upon you.
Beogh smites you!
You die...

##### ### ###.#.###
#..####...÷÷..##
#....#.....##..#
#.......#@##..#
##..#..##oo..##
#.....#o{....# #
##...........##.#
######...#........#.##
#...#...##...........##(
#......####.......(.....
##..##..###>.)..........
##...........##))........


You could see an orc warrior, an orc priest and an orc.

Vanquished Creatures
  Grinder (D:4)
  Prince Ribbit (D:5)
  Sigmund (D:6)
  A sky beast (D:5)
  A black bear (D:5)
  An ice beast (D:5)
  3 ogres
  A centaur (D:6)
  A bullfrog (D:3)
  5 wights (D:4)
  2 howler monkeys (D:6)
  4 hounds
  A gnoll shaman (D:5)
  2 iguanas (D:4)
  4 jellies
  Jessica (D:3)
  Ijyb (D:5)
  4 orc wizards
  Natasha (thrice) (D:2)
  8 gnolls
  11 adders
  A shadow imp (D:6)
  A white imp (D:6)
  An ufetubus (D:5)
  2 worms
  A dart slug (D:1)
  15 orcs
  5 bats
  10 endoplasms
  14 giant cockroaches
  7 goblins
  4 hobgoblins
  7 jackals
  4 kobolds
  7 ball pythons
  3 frilled lizards
  3 rats
142 creatures vanquished.

Vanquished Creatures (others)
  16 plants (D:1)
16 creatures vanquished.

Grand Total: 158 creatures vanquished

Notes
Turn   | Place    | Note
-------+----------+-------------------------------------------
     0 | D:1      | Dabor the Gargoyle Fighter began the quest for the Orb.
     0 | D:1      | Reached XP level 1. HP: 14/14 MP: 1/1
   494 | D:1      | Reached XP level 2. HP: 19/19 MP: 2/2
  1019 | D:1      | Reached XP level 3. HP: 22/23 MP: 3/3
  1083 | D:1      | Found a faded altar of an unknown god.
  1092 | D:1      | Prayed at the altar of an unknown god.
  1092 | D:1      | Became a worshipper of Vehumet
  1092 | D:1      | Reached * piety under Vehumet
  1092 | D:1      | Offered knowledge of Magic Dart by Vehumet.
  1093 | D:1      | Fell from the grace of Vehumet
  1850 | D:2      | Reached XP level 4. HP: 29/29 MP: 4/4
  1866 | D:2      | Noticed Natasha
  1883 | D:2      | Killed Natasha
  2380 | D:2      | Noticed Natasha
  2393 | D:2      | Killed Natasha
  2394 | D:2      | Reached skill level 1 in Dodging
  2394 | D:2      | Reached XP level 5. HP: 22/33 MP: 5/5
  2523 | D:2      | Noticed Natasha
  2533 | D:2      | Killed Natasha
  3412 | D:3      | Reached XP level 6. HP: 30/39 MP: 6/6
  3612 | D:3      | Noticed Jessica
  3616 | D:3      | Killed Jessica
  4207 | D:4      | Noticed Grinder
  4216 | D:4      | Paralysed by Grinder for 7 turns
  4225 | D:4      | Paralysed by Grinder for 4 turns
  4404 | D:4      | Paralysed by Grinder for 3 turns
  4417 | D:4      | Killed Grinder
  4418 | D:4      | Reached skill level 5 in Fighting
  4418 | D:4      | Reached skill level 5 in Armour
  4418 | D:4      | Reached XP level 7. HP: 18/44 MP: 7/7
  5176 | D:4      | Was forgiven by Vehumet
  5709 | D:4      | Reached XP level 8. HP: 31/51 MP: 8/8
  5717 | D:4      | HP: 1/51 [wight/+3 long sword (6)]
  6162 | D:4      | Reached skill level 5 in Maces & Flails
  6424 | D:5      | Entered Level 5 of the Dungeon
  7119 | D:5      | Found a staircase to the Ecumenical Temple.
  8138 | D:5      | Noticed Ijyb
  8156 | D:5      | Killed Ijyb
  8308 | D:5      | Noticed Prince Ribbit
  8340 | D:5      | Killed Prince Ribbit
  8341 | D:5      | Reached XP level 9. HP: 25/57 MP: 9/9
  9358 | D:6      | Noticed Sigmund
  9392 | D:6      | Killed Sigmund
  9555 | D:6      | Killed from afar by an orc priest

Illustrated notes

Levels and vault maps discovered:
D:1:      tarquinn_simple_flora_water_c, layout_basic, basic_ecumenical_altar,
          ebering_dispersal_statue_hall, serial_bayou_lagoon_a
D:2:      minmay_roachtagon, layout_basic, minmay_tripent, uniq_natasha
D:3:      layout_loops_cross, uniq_jessica
D:4:      layout_loops_ring, uniq_grinder
D:5:      layout_loops_ring, minmay_temple_entry_from_below_a,
          serial_co_window_serial, co_window_paths_b, co_window_paths_b,
          co_window_of_opportunity_a, co_window_corner_a, co_window_cross_1,
          co_window_unsneaky_path_d, co_window_broadway_b, co_window_broadway_c,
          co_window_of_opportunity_b, co_window_corner_cb, co_window_4corner_a,
          glass_columns_a, glass_columns_b, uniq_prince_ribbit1, uniq_ijyb
D:6:      layout_cave_pools, amcnicky_mini_pool_medium, uniq_sigmund

Skill      XL: |  1  2  3  4  5  6  7  8 |
---------------+-------------------------+-----
Fighting       | 4 5 7 |  7.6
Armour         | 4 5 7 |  7.5
Maces & Flails | 3 4 6 |  6.5
Dodging        | 1 2 3 4 |  4.7
Shields        | |  3.8

Action                   |  1- 3 |  4- 6 |  7- 9 || total
-------------------------+-------+-------+-------++-------
Melee: Flail             |   173 |   151 |   352 ||   676
Throw: Throwing net      |       |     1 |     2 ||     3
       Javelin           |       |       |    16 ||    16
Invok: Renounce Religion |     1 |       |       ||     1
  Use: Scroll            |       |     4 |     3 ||     7
       Potion            |       |     2 |     6 ||     8
 Stab: Held in net/web   |       |       |     1 ||     1
Armor: Scale mail        |   139 |    89 |   236 ||   464
       Skin              |       |       |    32 ||    32
Dodge: Dodged            |   105 |    79 |   194 ||   378
Block: Buckler           |    44 |    30 |    81 ||   155

Table legend: (Time is in decaauts)
 A = Elapsed time spent in this place.
 B = Non-inter-level travel time spent in this place.
 C = Inter-level travel time spent in this place.
 D = Time resting spent in this place.
 E = Time spent auto-exploring this place.
 F = Levels seen in this place.
 G = Mean time per level.
                   A        B        C        D        E       F      G
               +--------+--------+--------+--------+--------+-----+--------+
         Total |   9746 |   9337 |    409 |   2230 |   5174 |   6 | 1624.3 |
       Dungeon |   9746 |   9337 |    409 |   2230 |   5174 |   6 | 1624.3 |
               +--------+--------+--------+--------+--------+-----+--------+

Top non-repeatable levels by time:
     D:5: 2463 daAuts
     D:2: 1788 daAuts
     D:3: 1722 daAuts
     D:4: 1708 daAuts
     D:1: 1570 daAuts
     D:6: 492 daAuts
